 Dungeon Crawl Stone Soup version 0.20-a0-548-gad3071d (webtiles) character file.

4963 HarryHood the Fighter (level 10, -9/67 HPs)
             Began as a Gargoyle Fighter on Dec 28, 2016.
             Mangled by a two-headed ogre
             ... wielding a +0 giant club
              (13 damage)
             ... on level 8 of the Dungeon on Dec 29, 2016.
             The game lasted 00:29:23 (7943 turns).

HarryHood the Fighter (Gargoyle Fighter)            Turns: 7943, Time: 00:29:24

Health: -9/67      AC: 31    Str: 20    XL:     10   Next: 53%
Magic:  10/10      EV:  4    Int:  9    God:
Gold:   482        SH: 10    Dex: 12    Spells: 9/9 levels left

rFire  . . .     SeeInvis +     a - +0 flail
rCold  . . .     Gourm    .     E - +0 plate armour
rNeg   + + .     Faith    .     c - +0 shield
rPois  ∞         Spirit   .     k - +2 helmet
rElec  +         Reflect  .     i - +2 cloak
rCorr  .         Harm     .     r - +2 pair of gloves
MR     .....                    (no boots)
Stlth  ..........               (no amulet)
                                b - ring of positive energy
                                v - ring of see invisible

@: no status effects
A: negative energy resistance 1, electricity resistance, unbreathing,
petrification resistance, rot immunity, AC +7
a: no special abilities


You were on level 8 of the Dungeon.
You were not hungry.

You visited 2 branches of the dungeon, and saw 9 of its levels.

You collected 482 gold pieces.

Inventory:

Hand Weapons
 a - a +0 flail (weapon)
Armour
 c - a +0 shield (worn)
 i - a +2 cloak (worn)
 k - a +2 helmet (worn)
 r - a +2 pair of gloves (worn)
 E - a +0 plate armour (worn)
Jewellery
 b - a ring of positive energy (right hand)
 v - a ring of see invisible (left hand)
Scrolls
 e - 5 scrolls of identify {@r1}
 n - a scroll of blinking
 o - a scroll of fog
 q - a scroll of magic mapping
 t - 2 scrolls of teleportation
 w - a scroll of acquirement {unknown}
 D - 2 scrolls of remove curse {@r2}
Potions
 d - 2 potions of might
 l - 2 potions of haste
 p - a potion of resistance
 s - 2 potions of flight {unknown}
 x - a potion of ambrosia
 z - a potion of brilliance
 A - 2 potions of curing {@q2}
 C - a potion of lignification {!q}
Comestibles
 f - 7 bread rations {@e1}
 g - 3 meat rations {@e1}
 h - a beef jerky {@e2}
 j - 4 royal jellies {!*}
 m - a slice of pizza {@e2}
 u - 7 fruits {@e2}
 B - 11 chunks of flesh


   Skills:
 - Level 9.7 Fighting
 - Level 9.0 Maces & Flails
 * Level 9.4 Armour
 - Level 6.0 Shields


You had 9 spell levels left.
You didn't know any spells.

Dungeon Overview and Level Annotations

Branches:
Dungeon (8/15)             Temple (1/1) D:6
   Lair: D:8-11

Altars:
Ashenzari
Cheibriados
Dithmenos
Elyvilon
Fedhas
Gozag
Hepliaklqana
Kikubaaqudgha
Makhleb
Nemelex Xobeh
Okawaru
Trog
Vehumet
Xom
Zin
Lugonu


Innate Abilities, Weirdness & Mutations

You are resistant to torment.
Your stone body is resilient. (AC +7)
You are immune to poison.
You resist negative energy. (rN+)
You are resistant to electric shocks. (rElec)
You can survive without breathing.
You are immune to petrification.
You are immune to rotting.


Message History

* * * LOW HITPOINT WARNING * * *
You hit the two-headed ogre.
The two-headed ogre is moderately wounded.
The two-headed ogre hits you but does no damage. x2
You hit the two-headed ogre but do no damage.
The two-headed ogre is moderately wounded.
You block the two-headed ogre's attack.
The two-headed ogre hits you with a giant spiked club!
* * * LOW HITPOINT WARNING * * *
You sock the two-headed ogre!
The two-headed ogre is heavily wounded.
The two-headed ogre hits you but does no damage.
You block the two-headed ogre's attack.
You hit the two-headed ogre.
The two-headed ogre is severely wounded.
You hit the two-headed ogre but do no damage.
The two-headed ogre is severely wounded.
You block the two-headed ogre's attack.
The two-headed ogre hits you with a giant spiked club!
You die...

#...##
#.#....≈≈≈≈≈##
#.###.##
#.###......≈≈## #..
##.## #.#
#####...≈≈## ..
##.#######.#
##...≈≈## ..
#......##<#
##§≈...≈≈# .
#.####.##.#
#§§§≈...≈## . #.##
#.##.# #≈§≈§≈#..≈##
#.. #.##.#
#≈≈≈§≈###.≈## ..##
#.##@# #P≈≈§≈# #.≈≈≈
#.# #.##O# #PP≈≈#
#..≈≈ #.
#.####)##o###)PP#
#.... .
#...........#######
##...
#.............O....#
#.##
..####..##.#.......#
#...
#.>#.###........#
#)## .....#
##.....### #)#
.....# ##.o..# #.#


You could see a two-headed ogre and an orc.

Vanquished Creatures
  Pikel (D:8)
  The ghost of SteelNeuron the Poker, a novice DsGl (D:4)
  The ghost of zxpr0jk the Covert, a novice FeWn of Dithmenos (D:8)
  A hippogriff (D:7)
  Grum (D:8)
  A slave (D:8)
  5 phantoms
  3 black bears (D:7)
  2 ice beasts
  4 sky beasts
  2 orc warriors
  A centaur (D:5)
  An ogre (D:5)
  3 wolves (D:8)
  2 big kobolds
  3 bullfrogs (D:6)
  A scorpion (D:7)
  4 wights (D:8)
  5 howler monkeys
  4 crimson imps
  A bullfrog zombie (D:7)
  A centaur zombie (D:7)
  3 jellies
  3 orc priests
  6 orc wizards
  3 bullfrog skeletons
  A gnoll shaman (D:7)
  2 iguanas
  7 worker ants
  A worker ant zombie (D:5)
  12 gnolls
  7 adders
  A shadow imp (D:7)
  2 adder zombies
  An adder skeleton (D:5)
  A dart slug (D:2)
  3 leopard geckos
  25 orcs
  4 giant cockroaches
  7 goblins
  10 hobgoblins
  2 jackals (D:2)
  2 quokkas
  2 ball pythons
  5 bats
  2 frilled lizards (D:3)
  A jackal skeleton (D:7)
  14 kobolds
  8 rats
183 creatures vanquished.

Vanquished Creatures (others)
  2 slaves (D:8)
  A sky beast (D:8)
  2 orc wizards (D:8)
  2 kobolds (D:8)
7 creatures vanquished.

Grand Total: 190 creatures vanquished

Notes
Turn   | Place    | Note
-------+----------+-------------------------------------------
     0 | D:1      | HarryHood the Gargoyle Fighter began the quest for the Orb.
     0 | D:1      | Reached XP level 1. HP: 14/14 MP: 1/1
   219 | D:1      | Reached XP level 2. HP: 18/20 MP: 2/2
   921 | D:2      | Found an ancient bone altar of Kikubaaqudgha.
  1033 | D:2      | Reached XP level 3. HP: 24/24 MP: 3/3
  1572 | D:2      | Reached skill level 5 in Fighting
  1608 | D:3      | Reached XP level 4. HP: 30/31 MP: 4/4
  1671 | D:3      | Found a shimmering altar of Xom.
  2504 | D:4      | Reached XP level 5. HP: 36/36 MP: 5/5
  2647 | D:4      | Noticed a sky beast
  2668 | D:4      | Killed a sky beast
  2674 | D:4      | Reached XP level 6. HP: 37/41 MP: 6/6
  2762 | D:4      | Noticed SteelNeuron's ghost (novice DsGl)
  2787 | D:4      | Killed SteelNeuron's ghost
  2787 | D:4      | Reached XP level 7. HP: 23/46 MP: 7/7
  3030 | D:4      | Found an iron altar of Okawaru.
  3191 | D:4      | Reached skill level 5 in Armour
  3532 | D:4      | Reached XP level 8. HP: 51/51 MP: 8/8
  3724 | D:4      | Found a bloodstained altar of Trog.
  3724 | D:4      | Found a hazy altar of Hepliaklqana.
  4105 | D:5      | Entered Level 5 of the Dungeon
  4125 | D:5      | Reached skill level 5 in Shields
  5267 | D:6      | Reached XP level 9. HP: 59/59 MP: 9/9
  5284 | D:6      | Found a shadowy altar of Dithmenos.
  5775 | D:6      | Found a staircase to the Ecumenical Temple.
  5781 | Temple   | Entered the Ecumenical Temple
  6325 | D:7      | Found a glowing silver altar of Zin.
  6602 | D:7      | Found a radiant altar of Vehumet.
  6603 | D:7      | Found a burning altar of Makhleb.
  7093 | D:7      | Reached XP level 10. HP: 66/67 MP: 10/10
  7357 | D:8      | Noticed Grum
  7369 | D:8      | Killed Grum
  7414 | D:8      | Noticed zxpr0jk's ghost (novice FeWn)
  7500 | D:8      | Killed zxpr0jk's ghost
  7777 | D:8      | Noticed Pikel
  7810 | D:8      | Killed Pikel
  7921 | D:8      | Noticed a two-headed ogre
  7940 | D:8      | HP: 3/67 [two-headed ogre/giant club (12)]
  7943 | D:8      | Mangled by a two-headed ogre

Vault maps used:
D:1:      nicolae_arrival_somewhat_less_tricky_arrival
D:2:      lemuel_crystal_altar
D:3:      lemuel_crystal_altar
D:4:      okawaru_gym_becter, gammafunk_temple_overflow_elements, first_bread,
          serial_glass, glass_columns_b, glass_columns_a
D:6:      grunt_dithmenos_smoke
D:7:      grunt_temple_overflow_lords_of_destruction, zin_scriptorium,
          grunt_ministairs_15
D:8:      minmay_weird_star, lemuel_crystal_altar, marbit_many_paths, uniq_grum,
          uniq_pikel
Temple:   corrupted_temple

Skill      XL: |  1  2  3  4  5  6  7  8  9 10 |
---------------+-------------------------------+-----
Fighting       | 4 5 6 8 9 |  9.7
Maces & Flails | 3 6 9 |  9.0
Armour         | 5 6 9 |  9.4
Shields        | 6 |  6.0

Action                   |  1- 3 |  4- 6 |  7- 9 | 10-12 || total
-------------------------+-------+-------+-------+-------++-------
Melee: Flail             |   128 |   128 |   597 |   228 ||  1081
  Use: Scroll            |     9 |     4 |     9 |     2 ||    24
       Potion            |       |     1 |     1 |     1 ||     3
  Eat: Chunk             |     2 |     4 |    11 |     3 ||    20
       Bread ration      |       |       |     1 |       ||     1
Armor: Scale mail        |    73 |    24 |       |       ||    97
       Chain mail        |       |    44 |   199 |       ||   243
       Plate armour      |       |       |   167 |   138 ||   305
Dodge: Dodged            |    28 |    27 |    85 |    32 ||   172
Block: Shield            |    77 |    54 |   270 |    95 ||   496
